 Dungeon Crawl Stone Soup version 0.23.2-1-ga50397a6bc (webtiles) character file.

Game seed: 6031997105929917635

3425 Mrkan the Grappler (level 9, -9/81 HPs)
             Began as a Troll Monk on May 18, 2019.
             Was an Elder of Hepliaklqana.
             Mangled by a troll (14 damage)
             ... on level 7 of the Dungeon.
             The game lasted 00:09:39 (4870 turns).

Mrkan the Grappler (Troll Monk)                     Turns: 4870, Time: 00:09:40

Health: -9/81      AC:  6    Str: 24    XL:     9   Next: 76%
Magic:  12/12      EV: 10    Int:  6    God:    Hepliaklqana [****..]
Gold:   82         SH:  0    Dex: 12    Spells: 8/8 levels left

rFire    . . .     SeeInvis .     - Unarmed
rCold    . . .     Gourm    +   (no shield)
rNeg     . . .     Faith    .   a - +0 robe
rPois    .         Spirit   .   (helmet restricted)
rElec    .         Reflect  .   (no cloak)
rCorr    .         Harm     .   (gloves unavailable)
MR       .....                  (boots unavailable)
Stlth    ++........             (no amulet)
HPRegen  0.63/turn              (no ring)
MPRegen  0.13/turn              (no ring)

@: studying Long Blades
A: large, unfitting armour, reduced essence, claws 3, fast metabolism 3,
gourmand, regeneration 1, shaggy fur 1, tough skin 3
a: Recall Ancestor, Ancestor Identity, Transference, Idealise, Renounce Religion


You were on level 7 of the Dungeon.
You worshipped Hepliaklqana.
Hepliaklqana was greatly pleased with you.
You were not hungry.

You visited 1 branch of the dungeon, and saw 7 of its levels.

You collected 357 gold pieces.
You spent 275 gold pieces at shops.

Inventory:

Missiles
 F - 2 large rocks (quivered)
Armour
 a - a +0 robe (worn)
Jewellery
 o - an uncursed ring of protection from magic {unknown}
 t - the ring of Wawun {MP+9 Dex+4, unknown}
   (You found it on level 4 of the Dungeon)

   [ring of magical power]

   It affects your dexterity (+4).
   It affects your magic capacity (+9).
Wands
 m - a wand of iceblast (9)
 y - a wand of flame (23)
Scrolls
 c - 7 scrolls of identify {unknown}
 h - a scroll of random uselessness {unknown}
 k - 4 scrolls of teleportation {unknown}
 l - a scroll of noise {unknown}
 n - a scroll of enchant armour {unknown}
 s - a scroll of fear {unknown}
 u - a scroll of remove curse {unknown}
 v - a scroll of fog {unknown}
 w - a scroll of amnesia {unknown}
 x - a scroll of enchant weapon {unknown}
 z - 2 scrolls of magic mapping {unknown}
 D - a scroll of silence {unknown}
 E - a scroll of immolation {unknown}
Potions
 d - a potion of degeneration {unknown}
 e - a potion of haste {unknown}
 f - a potion of resistance {unknown}
 g - 2 potions of curing
 i - a potion of brilliance {unknown}
 j - a potion of berserk rage {unknown}
 p - a potion of cancellation {unknown}
 q - a potion of agility {unknown}
 r - a potion of might {unknown}
 A - a potion of flight {unknown}
 B - a potion of ambrosia {unknown}
Books
 C - a manual of Long Blades
Comestibles
 b - 15 rations


   Skills:
 + Level 6.3 Fighting
 - Level 2.4 Dodging
 - Level 1.0 Stealth
 * Level 10.4 Unarmed Combat
 + Level 5.9 Invocations


You had 8 spell levels left.
You didn't know any spells.
Your spell library was empty.

Dungeon Overview and Level Annotations

Branches:
Dungeon (7/15)             Temple (0/1) D:4

Altars:
Cheibriados
Dithmenos
Hepliaklqana
Kikubaaqudgha
Nemelex Xobeh
Okawaru
Trog
Uskayaw
Xom
The Shining One

Shops:
D:7 %

Annotations:
D:6 2 transporters, Sondor's ghost, novice DsFi
D:7 1 runed translucent door, Foic's ghost, novice TrMo


Innate Abilities, Weirdness & Mutations

You are too large for most types of armour.
You have claws for hands.
Your metabolism is lightning-fast.
You like to eat raw meat.
Your natural rate of healing is unusually fast.
You are covered in fur. (AC +1)
You have extremely tough skin. (AC +3)
Your life essence is reduced to manifest your ancestor. (-10% HP)


Message History

The troll claws you.
* * * LOW HITPOINT WARNING * * *
The troll barely misses you.
You scratch the troll but do no damage.
The troll is moderately wounded.
You scratch the troll.
The troll is moderately wounded.
The troll closely misses you. The troll claws you!
* * * LOW HITPOINT WARNING * * *
The troll claws you.
* * * LOW HITPOINT WARNING * * *
The troll closely misses you. The troll claws you!
* * * LOW HITPOINT WARNING * * *
The troll claws you but does no damage.
You claw the troll!
The troll is heavily wounded.
You closely miss the troll. Your claw misses the troll.
The troll is heavily wounded.
The troll bites you!
You die...

..†...## ##.##.# #.
.......####...#.####.. #...
>......+.............###..#
.......####........###...#
......## ##.##...##..##
.....## ##....###..#.#
#...## ###...###F.###F#
##'## ###...###..T.# #.#
#.# #...###...@#.# ##.# #.#
#.###....#...# #F# ##.##
#..)(÷.#...#.# ##
#...###.###)(..#...# #
....R#....###....#.# #.
#...#.###...###....# .#
##.#.## #.....###..###.#
....## ###.....###..#.###
##.#.## ##.#......##..##.#


You could see a troll and a bullfrog.

Vanquished Creatures
  Pikel (D:4)
  A cyclops (D:7)
  2 hippogriffs (D:7)
  A yak (D:7)
  A hungry ghost (D:7)
  Menkaure (D:4)
  A sky beast (D:7)
  2 eyes of draining (D:6)
  3 ogres
  2 bullfrogs (D:7)
  2 howler monkeys (D:7)
  2 vampire bats (D:5)
  A crimson imp (D:5)
  A hound (D:5)
  4 orc wizards
  A centaur skeleton (D:7)
  2 orc priests
  2 iguanas (D:7)
  A worker ant (D:5)
  A howler monkey zombie (D:7)
  8 adders
  2 oozes
  An adder skeleton (D:7)
  A worm (D:3)
  3 dart slugs
  4 leopard geckos
  20 orcs
  6 bats
  3 bat skeletons (D:5)
  5 giant cockroaches
  6 goblins
  10 hobgoblins
  14 jackals
  10 kobolds
  5 quokkas
  A ball python (D:2)
  9 frilled lizards
  2 leopard gecko skeletons
  A leopard gecko zombie (D:7)
  6 rats
149 creatures vanquished.

Vanquished Creatures (collateral kills)
  A water moccasin (D:7)
  A big kobold (D:7)
  3 bullfrogs
  A vampire bat (D:5)
  A howler monkey (D:7)
  An orc wizard (D:7)
  A howler monkey zombie (D:5)
  An adder (D:6)
  A dart slug (D:3)
  2 leopard geckos (D:4)
  6 orcs
  A bat (D:3)
  A bat zombie (D:5)
  A giant cockroach (D:4)
  A jackal (D:7)
  3 kobolds
26 creatures vanquished.

Vanquished Creatures (others)
  A hound skeleton (D:4)
  2 knights
  An orc (D:4)
  A ball python skeleton (D:4)
5 creatures vanquished.

Grand Total: 180 creatures vanquished

Notes
Turn   | Place    | Note
-------+----------+-------------------------------------------
     0 | D:1      | Mrkan the Troll Monk began the quest for the Orb.
     0 | D:1      | Reached XP level 1. HP: 22/22 MP: 0/0
   161 | D:1      | Reached XP level 2. HP: 27/29 MP: 1/1
   421 | D:1      | Reached XP level 3. HP: 36/36 MP: 2/2
   671 | D:1      | Reached skill level 4 in Unarmed Combat
  1003 | D:2      | Found a faded altar of an unknown god.
  1176 | D:2      | Reached XP level 4. HP: 45/45 MP: 3/3
  1182 | D:2      | Found a hazy altar of Hepliaklqana.
  1196 | D:2      | Became a worshipper of Hepliaklqana the Forgotten
  1196 | D:2      | Reached * piety under Hepliaklqana
  1196 | D:2      | Reached ** piety under Hepliaklqana
  1200 | D:2      | Remembered your ancestor Appius as a knight
  1558 | D:3      | Found a shimmering altar of Xom.
  1637 | D:3      | Reached XP level 5. HP: 36/47 MP: 4/4
  1776 | D:3      | Found a sparkling altar of Nemelex Xobeh.
  1836 | D:3      | Reached skill level 1 in Invocations
  1843 | D:3      | Reached skill level 5 in Unarmed Combat
  2115 | D:4      | Got a bound glass ring
  2144 | D:4      | Noticed a slave
  2146 | D:4      | Noticed Pikel
  2146 | D:4      | Noticed a slave
  2147 | D:4      | Noticed a slave
  2148 | D:4      | Noticed a slave
  2155 | D:4      | Killed Pikel
  2155 | D:4      | Reached skill level 6 in Unarmed Combat
  2155 | D:4      | Reached XP level 6. HP: 30/55 MP: 4/6
  2155 | D:4      | Reached XP level 7. HP: 34/63 MP: 4/7
  2209 | D:4      | Found a staircase to the Ecumenical Temple.
  2272 | D:4      | Noticed Menkaure
  2276 | D:4      | Killed Menkaure
  2387 | D:4      | Found a shadowy altar of Dithmenos.
  2393 | D:4      | Found a glowing golden altar of the Shining One.
  2528 | D:4      | Reached *** piety under Hepliaklqana
  2536 | D:5      | Entered Level 5 of the Dungeon
  2679 | D:5      | Found an ancient bone altar of Kikubaaqudgha.
  2689 | D:5      | Reached skill level 7 in Unarmed Combat
  2984 | D:5      | Reached XP level 8. HP: 71/71 MP: 9/9
  3425 | D:6      | Found a transporter.
  3430 | D:6      | Found a transporter.
  3542 | D:6      | Found a bloodstained altar of Trog.
  3554 | D:6      | Reached skill level 8 in Unarmed Combat
  3560 | D:6      | Reached skill level 5 in Fighting
  3671 | D:6      | Noticed Sondor's ghost (novice DsFi)
  3700 | D:6      | Noticed a hornet
  3718 | D:6      | Noticed a queen bee
  3804 | D:6      | Reached **** piety under Hepliaklqana
  4057 | D:7      | Found a hide-covered altar of Uskayaw.
  4106 | D:7      | Found an iron altar of Okawaru.
  4110 | D:7      | Found Ytzegesu's Food Emporium.
  4122 | D:7      | Bought a ration for 55 gold pieces
  4122 | D:7      | Bought a ration for 55 gold pieces
  4122 | D:7      | Bought a ration for 55 gold pieces
  4122 | D:7      | Bought a ration for 55 gold pieces
  4122 | D:7      | Bought a ration for 55 gold pieces
  4165 | D:7      | Found a runed translucent door.
  4165 | D:7      | Found a shimmering altar of Xom.
  4165 | D:7      | Noticed Foic's ghost (novice TrMo)
  4166 | D:7      | Noticed a +0 whip of chaos
  4208 | D:7      | Reached skill level 9 in Unarmed Combat
  4222 | D:7      | Reached XP level 9. HP: 31/79 MP: 11/11
  4363 | D:7      | Reached skill level 5 in Invocations
  4628 | D:7      | Reached skill level 10 in Unarmed Combat
  4724 | D:7      | Found a snail-covered altar of Cheibriados.
  4840 | D:7      | Noticed a cyclops
  4842 | D:7      | Noticed a troll
  4847 | D:7      | Killed a cyclops
  4867 | D:7      | HP: 4/81 [troll (7)]
  4870 | D:7      | Mangled by a troll

Skill      XL: |  1  2  3  4  5  6  7  8  9 |
---------------+----------------------------+-----
Unarmed Combat | 4 6 7 9 10 | 10.4
Fighting       | 3 4 5 6 |  6.3
Invocations    | 2 3 4 5 |  5.9
Dodging        | |  2.4
Stealth        | |  1.0

Action                   |  1- 3 |  4- 6 |  7- 9 || total
-------------------------+-------+-------+-------++-------
Melee: Unarmed           |   109 |   103 |   229 ||   441
       Punch             |     2 |     3 |     9 ||    14
Invok: Ancestor Life: Kn |       |     1 |       ||     1
       Ancestor Identity |       |     1 |       ||     1
  Use: Potion            |       |       |     1 ||     1
 Stab: Sleeping          |     3 |     5 |       ||     8
  Eat: Chunk             |     7 |     9 |    26 ||    42
Armor: Robe              |    51 |    32 |    84 ||   167
Dodge: Dodged            |    61 |    56 |   136 ||   253
